 Dungeon Crawl Stone Soup version 0.18.1-6-gd335043 (webtiles) character file.

359 Jaijje the Shield-Bearer (level 6, -2/37 HPs)
             Began as a Kobold Fighter on May 17, 2016.
             Was a Believer of Qazlal.
             Slain by an orc
             ... wielding a +0 trident
              (4 damage)
             ... on level 4 of the Dungeon.
             The game lasted 00:07:38 (2427 turns).

Jaijje the Shield-Bearer (Kobold Fighter)           Turns: 2427, Time: 00:07:40

Health: -2/37      AC: 12    Str: 17    XL:     6   Next: 97%
Magic:  3/6        EV:  6    Int:  6    God:    Qazlal [**....]
Gold:   97         SH: 13    Dex: 15    Spells: 0 memorised, 5 levels left

rFire  . . .     SeeInvis .     a - +0 rapier
rCold  . . .     Gourm    .     h - +2 chain mail {MR+}
rNeg   . . .     Faith    .     c - +0 shield
rPois  .         Spirit   .     (no helmet)
rElec  .         Dismiss  .     (no cloak)
rCorr  .         Reflect  .     j - +0 pair of gloves
SustAt .         Harm     .     (no boots)
MR     +....                    (no amulet)
Stlth  ..........               (no ring)
                                (no ring)

@: somewhat resistant to hostile enchantments, extremely unstealthy
A: carnivore 3
a: Upheaval, Renounce Religion


You were on level 4 of the Dungeon.
You worshipped Qazlal.
Qazlal was pleased with you.
You were very full.

You visited 1 branch of the dungeon, and saw 4 of its levels.

You collected 97 gold pieces.

Inventory:

Hand Weapons
 a - a +0 rapier (weapon)
Armour
 c - a +0 shield (worn)
 h - a +2 chain mail of magic resistance (worn)
 j - a +0 pair of gloves (worn)
 s - the cursed +0 plate armour of Vevvot {Int+3 Dex-3 SInv, unknown}
   (You found it on level 4 of the Dungeon)

   It affects your intelligence (+3).
   It affects your dexterity (-3).
   It lets you see invisible.
   It has a curse placed upon it.
Scrolls
 b - 3 scrolls of identify {unknown}
 g - 3 scrolls of magic mapping {unknown}
 l - a scroll of amnesia {unknown}
 q - a scroll of recharging {unknown}
Potions
 d - a potion of might
 e - a potion of flight {unknown}
 k - a potion of agility {unknown}
 n - a potion of invisibility {unknown}
 p - a potion of curing {unknown}
 r - 2 potions of brilliance {unknown}
Comestibles
 f - 3 meat rations
 i - 3 fruits
 m - 2 royal jellies
 o - a slice of pizza


   Skills:
 - Level 3.2 Fighting
 - Level 2.6 Short Blades
 + Level 3.9 Armour
 + Level 5.1 Shields
 + Level 0.2 Invocations


You had 5 spell levels left.
You didn't know any spells.

Dungeon Overview and Level Annotations

Branches:
Dungeon (4/15)
 Temple: D:4-7

Altars:
Ashenzari
Qazlal


Innate Abilities, Weirdness & Mutations

You are small and have problems with some larger weapons.
You are carnivorous and can eat meat at any time.


Message History

The orc barely misses you.
The orc hits you from afar with a trident.
You block the orc priest's attack.
You hit the orc priest.
The orc priest is lightly wounded.
You block the orc's attack. x2
The orc priest hits you but does no damage.
You hit the orc priest but do no damage.
The orc priest is lightly wounded.
The orc hits you but does no damage. x2; You block the orc priest's attack.
You block the orc's attack.
You don't have enough magic at the moment.
You hit the orc priest.
The orc priest is moderately wounded.
The orc priest casts a cantrip, but nothing happens.
The orc priest mumbles some strange prayers to Beogh against you.
Beogh smites you!
* * * LOW HITPOINT WARNING * * *
The orc hits you from afar with a trident.
You die...

... ... .. .. #. #o
#.###o#######
#...oo@.....###### #
#.##.######......# ## #.##.#
#..###.# .#####
#.##.######..###.# #....#
#.##.##........#.# .###.#
##.##.##.###..#.#.#
####.#####...#.##.###<.#.#.#
.....................<.#.#.#
.###.###.#...####.####.....#


You could see 2 orc priests and 2 orcs.

Vanquished Creatures
  Sigmund (D:4)
  9 adders
  2 oozes
  3 worms
  3 dart slugs
  A giant gecko (D:4)
  12 orcs
  4 giant cockroaches (D:1)
  9 goblins
  10 hobgoblins
  5 jackals (D:2)
  3 quokkas (D:2)
  2 ball pythons (D:3)
  8 bats
  2 giant newts
  10 kobolds
  4 rats (D:1)
88 creatures vanquished.

Notes
Turn   | Place    | Note
--------------------------------------------------------------
     0 | D:1      | Jaijje the Kobold Fighter began the quest for the Orb.
     0 | D:1      | Reached XP level 1. HP: 14/14 MP: 1/1
    50 | D:1      | Reached XP level 2. HP: 13/19 MP: 2/2
   285 | D:1      | Reached skill level 3 in Shields
   364 | D:1      | Reached XP level 3. HP: 23/23 MP: 3/3
   881 | D:2      | Reached XP level 4. HP: 27/28 MP: 4/4
  1249 | D:2      | Found a faded altar to an unknown god.
  1263 | D:2      | Became a worshipper of Qazlal Stormbringer
  1263 | D:2      | Reached * piety under Qazlal
  1293 | D:2      | Found a shattered altar of Ashenzari.
  1322 | D:2      | Reached XP level 5. HP: 32/32 MP: 5/5
  1378 | D:2      | Reached skill level 4 in Shields
  1982 | D:3      | Reached ** piety under Qazlal
  2117 | D:3      | Reached XP level 6. HP: 37/37 MP: 6/6
  2338 | D:4      | Got a shimmering plate armour
  2406 | D:4      | Noticed Sigmund
  2419 | D:4      | Killed Sigmund
  2419 | D:4      | Reached skill level 5 in Shields
  2427 | D:4      | Slain by an orc

Skill      XL: |  1  2  3  4  5  6 |
---------------+-------------------+-----
Shields        | 3 4 5 |  5.1
Armour         | 3 |  3.9
Fighting       | |  3.2
Short Blades   | |  2.6
Invocations    | |  0.2

Action                   |  1- 3 |  4- 6 || total
-------------------------+-------+-------++-------
Melee: Rapier            |   138 |   258 ||   396
Invok: Upheaval          |       |     1 ||     1
  Eat: Chunk             |     7 |     5 ||    12
Armor: Scale mail        |    50 |       ||    50
       Chain mail        |    25 |   109 ||   134
Dodge: Dodged            |    40 |    70 ||   110
Block: Shield            |    69 |   178 ||   247
